 Dungeon Crawl Stone Soup version 0.29.1-2-gbd0b4ee654 (webtiles) character file.

Game seed: 11759612178011604372

17 whiskeysaurus the Conjurer (level 2, 15/15 HPs)
             Began as a Tengu Conjurer on Nov 23, 2022.
             Quit the game on level 1 of the Dungeon.
             The game lasted 00:01:29 (588 turns).

whiskeysaurus the Conjurer (Tengu Conjurer)          Turns: 588, Time: 00:01:29

Health: 15/15      AC:  2    Str:  7    XL:     2   Next: 62%
Magic:  4/6        EV: 12    Int: 18    God:
Gold:   0          SH:  0    Dex: 12    Spells: 4/5 levels left

rFire   . . .      SeeInvis .   e - +2 short sword (protect)
rCold   . . .      Faith    .   (no shield)
rNeg    . . .      Spirit   .   a - +0 robe
rPois   .          Reflect  .   (helmet restricted)
rElec   .          Harm     .   (no cloak)
rCorr   .          Rampage  .   (no gloves)
Will    .....                   (boots unavailable)
Stlth   ++........              (no amulet)
HPRegen 0.05/turn               (no ring)
MPRegen 0.10/turn               (no ring)

@: no status effects
A: beak, talons 3
a: no special abilities


You were on level 1 of the Dungeon.
You visited 1 branch of the dungeon, and saw 1 of its levels.

Inventory:

Hand Weapons
 e - a +2 short sword of protection (weapon)
Armour
 a - a +0 robe (worn)
 c - a +0 cloak
Scrolls
 f - a scroll of identify {unknown}
Potions
 b - a potion of magic
 d - a potion of cancellation {unknown}


   Skills:
 + Level 2.5 Dodging
 + Level 2.4 Stealth
 + Level 2.2 Spellcasting
 + Level 5.5 Conjurations


You had 4 spell levels left.
You knew the following spells:

 Your Spells              Type           Power      Damage    Failure   Level
a - Magic Dart            Conj           88%        1d7       1%          1

Your spell library contained the following spells:

 Spells                   Type           Power      Damage    Failure   Level
 Searing Ray              Conj           44%        2d6       2%          2
 Dazzling Flash           Conj/Hex       24%        N/A       17%         3
 Fulminant Prism          Conj/Hex       6%         3d7       50%         4
 Iskenderun's Mystic Bla  Conj/Tloc      12%        2d5       50%         4
 Agony                    Necr           1%         N/A       99%         5
 Silence                  Hex/Air        0%         N/A       99%         5


Dungeon Overview and Level Annotations

Branches:
Dungeon (1/15)

Altars:


Innate Abilities, Weirdness & Mutations

You have a beak for a mouth.
You have claws for feet.


Message History

You kill the rat!
A kobold comes into view.
It is wielding a +2 short sword of protection.
The magic dart hits the kobold but does no damage.
The kobold shouts!
The magic dart hits the kobold but does no damage.
The magic dart hits the kobold but does no damage.
The kobold barely misses you.
The magic dart hits the kobold.
You kill the kobold!
You can't see any susceptible monsters within range! (Use Z to cast anyway.)
You see here a +2 short sword of protection.
e - a +2 short sword of protection Sorry, you're not good enough to have a special ability.
Your +2 short sword of protection hums with potential!
e - a +2 short sword of protection (weapon)
An endoplasm comes into view.
The magic dart hits the endoplasm.
The endoplasm is lightly wounded.
The endoplasm quivers.
The magic dart hits the endoplasm.
You kill the endoplasm!
f - a scroll labelled FODU IDUEVOWALAJE A ball python comes into view.
The magic dart hits the ball python.
You kill the ball python!
You can't see any susceptible monsters within range! (Use Z to cast anyway.)
A ball python comes into view.
The magic dart hits the ball python!
You kill the ball python!
You can't see any susceptible monsters within range! (Use Z to cast anyway.)
A ball python comes into view.
The magic dart hits the ball python.
The ball python is severely wounded.
The ball python hisses angrily.
The magic dart hits the ball python.
You kill the ball python!
Are you sure you want to abandon this character and quit the game? (Confirm with "yes".)
Okay, then.
Okay, then.
Are you sure you want to abandon this character and quit the game? (Confirm with "yes".)

.##.....# ##
.##.###.# ..
.##.###.#####
##.##.
#.#.......# .
...
#.#.#.###.#
#.#.# #.#.#.#
#.#
#.#.###.....#
#.#
#.........###
#.#
###@#######
#.# #.......#
#.#
.........#
#.#
###...#...#
#.# #..###..#
#.# #†.. ..#
#.# #... .#
#.# .†.. #
##.# #..#


There were no monsters in sight!

Vanquished Creatures
  4 ball pythons (D:1)
  2 endoplasms (D:1)
  2 goblins (D:1)
  2 kobolds (D:1)
  3 bats (D:1)
  A frilled lizard (D:1)
  2 rats (D:1)
16 creatures vanquished.

Notes
Turn   | Place    | Note
-------+----------+-------------------------------------------
     0 | D:1      | whiskeysaurus the Tengu Conjurer began the quest for the
                  | Orb.
     0 | D:1      | Reached XP level 1. HP: 10/10 MP: 4/4
   216 | D:1      | Reached XP level 2. HP: 15/15 MP: 4/6
   588 | D:1      | Quit the game

Illustrated notes

Levels and vault maps discovered:
D:1:      zelgadis_glass_arrival_small, layout_loops_cross, minivault_23,
          chequers_avenue

Action                   || total
-------------------------++-------
 Cast: Magic Dart        ||    23
Dodge: Dodged            ||     2
